 Dungeon Crawl Stone Soup version 0.29.1-12-g30fa7ad0bf (webtiles) character file.

Game seed: 2898496982735653493

498 suse60 the Trooper (level 7, 0/59 HPs)
             Began as a Formicid Fighter on Jan 14, 2023.
             Killed from afar by Ijyb (12 damage)
             ... with a bolt of dispelling energy
             ... on level 3 of the Dungeon.
             The game lasted 00:17:20 (3234 turns).

suse60 the Trooper (Formicid Fighter)               Turns: 3234, Time: 00:17:20

Health: 0/59       AC:  9    Str: 22    XL:     7   Next: 39%
Magic:  0/7        EV:  9    Int:  8    God:
Gold:   81         SH:  5    Dex: 13    Spells: 6/6 levels left

rFire   . . .      SeeInvis +   a - +0 war axe
rCold   . . .      Faith    .   c - +0 buckler
rNeg    . . .      Spirit   +   b - +0 scale mail
rPois   .          Reflect  .   (helmet unavailable)
rElec   .          Harm     .   o - +0 cloak
rCorr   .          Rampage  .   n - +0 pair of gloves
Will    .....                   (no boots)
Stlth   ..........              j - amulet of guardian spirit
HPRegen 0.19/turn               (no ring)
MPRegen 0.10/turn               (no ring)

@: no status effects
A: permanent stasis, dig shafts and tunnels, antennae 3, four strong arms
a: Dig, Shaft Self


You were on level 3 of the Dungeon.
You visited 1 branch of the dungeon, and saw 3 of its levels.

You collected 81 gold pieces.

Inventory:

Hand Weapons
 a - a +0 war axe (weapon)
 h - a +1 long sword of flaming
Missiles
 k - 6 boomerangs (quivered)
Armour
 b - a +0 scale mail (worn)
 c - a +0 buckler (worn)
 n - a +0 pair of gloves (worn)
 o - a +0 cloak (worn)
Jewellery
 j - an amulet of guardian spirit (around neck)
Scrolls
 f - a scroll of summoning
 m - 2 scrolls of poison
Potions
 d - 2 potions of might
 e - a potion of magic
 g - a potion of brilliance {unknown}
 i - a potion of curing
 l - a potion of berserk rage {unknown}
 p - 2 potions of heal wounds {unknown}


   Skills:
 + Level 6.5 Fighting
 + Level 5.4 Axes
 - Level 3.2 Armour
 - Level 4.0 Shields


You had 6 spell levels left.
You didn't know any spells.
Your spell library contained the following spells:

 Spells                   Type           Power      Damage    Failure   Level
 Passwall                 Tmut/Erth      0%         N/A       91%         2
 Gell's Gravitas          Tloc           0%         N/A       99%         3
 Lesser Beckoning         Tloc           0%         N/A       99%         3
 Teleport Other           Tloc           0%         N/A       99%         3
 Animate Armour           Summ/Erth      0%         N/A       100%        4


Dungeon Overview and Level Annotations

Branches:
Dungeon (3/15)

Altars:
Dithmenos
Elyvilon
Fedhas
Qazlal

Shops:
D:1 *

Annotations:
D:3 2 transporters, Ijyb


Innate Abilities, Weirdness & Mutations

You cannot be hasted, slowed, berserked, paralysed or teleported.
You can dig through walls and to a lower floor.
You have a pair of large antennae on your head. (SInv)
Your four strong arms can wield two-handed weapons with a shield.


Message History

You see here a ball python skeleton.
Ijyb the Twisted Goblin comes into view.
She is wielding a +0 dagger and carrying a wand of quicksilver (12).
Ijyb shouts!
Ijyb zaps a wand.
The bolt of dispelling energy hits you!
You start resting.
Magic restored.
You start resting.
HP restored.
Ijyb screams, "Me very upset!"
Ijyb zaps a wand.
The bolt of dispelling energy hits you!
You start resting.
Magic restored.
An endoplasm comes into view.
An endoplasm is nearby!
The endoplasm quivers.
You hit the endoplasm but do no damage. You block the endoplasm's attack.
The endoplasm jiggles.
The endoplasm freezes you.
You are frozen.
You completely miss the endoplasm. You block the endoplasm's attack.
You slash the endoplasm!
You kill the endoplasm!
You start resting.
HP restored.
Found 2 blue potions.
Found a white marble altar of Elyvilon.
Ijyb shouts!
Ijyb zaps a wand.
The bolt of dispelling energy misses you.
Ijyb zaps a wand.
The bolt of dispelling energy hits you!!
Found 4 gold pieces.
You see here 2 blue potions.
p - 2 blue potions Ijyb zaps a wand.
The bolt of dispelling energy hits you!!
Ijyb zaps a wand.
The bolt of dispelling energy hits you!
* * * LOW HITPOINT WARNING * * *
Ijyb zaps a wand.
The bolt of dispelling energy hits you!
You die...

###..........#....÷..## #.#
#.....########........# #.#
##.#...###### #........## #.#
#...........# #.........## #.#
#..≈≈≈≈≈≈≈≈≈.# #.......#..###.##
#..≈.......≈.# #.......##.#.....
#..≈.♣♣♣♣♣g≈.############.....##
#..≈.♣.....≈.....# ###.#...
#..≈.♣._.♣.≈...@.# #.#### #..≈
....♣.≈.....# #..... ♣♣♣
♣.≈.....# ##.### ...≈.....# #..#
≈≈≈≈≈.....# ##.## ......$.....
###...### #..........##
#E#...#E# ########## ####...###
#.........


You could see Ijyb.

Vanquished Creatures
  Sigmund (D:2)
  An ogre (D:3)
  A bullfrog (D:3)
  Crazy Yiuf (D:2)
  Natasha (thrice) (D:2)
  3 adders
  2 dart slugs
  2 orcs (D:3)
  4 ball pythons
  3 bats
  8 endoplasms
  A giant cockroach (D:1)
  3 goblins
  6 hobgoblins
  3 jackals (D:3)
  2 quokkas (D:1)
  3 frilled lizards
  7 kobolds
  7 rats
61 creatures vanquished.

Vanquished Creatures (others)
  4 fungi (D:2)
  8 plants
12 creatures vanquished.

Grand Total: 73 creatures vanquished

Notes
Turn   | Place    | Note
-------+----------+-------------------------------------------
     0 | D:1      | suse60 the Formicid Fighter began the quest for the Orb.
     0 | D:1      | Reached XP level 1. HP: 18/18 MP: 1/1
     6 | D:1      | Got Xudi's Parchment of Planar Earth
   181 | D:1      | Reached XP level 2. HP: 24/24 MP: 2/2
   255 | D:1      | Found Pejyeh's Assorted Antiques.
   480 | D:1      | Reached XP level 3. HP: 29/30 MP: 3/3
   720 | D:2      | Reached skill level 4 in Fighting
   757 | D:2      | Noticed Natasha
   762 | D:2      | Killed Natasha
   763 | D:2      | Reached XP level 4. HP: 31/37 MP: 4/4
   824 | D:2      | Noticed Sigmund
   989 | D:2      | Noticed Natasha
  1000 | D:2      | Killed Natasha
  1142 | D:2      | Noticed Natasha
  1214 | D:2      | Found a runed translucent door.
  1217 | D:2      | Noticed Crazy Yiuf
  1223 | D:2      | Killed Crazy Yiuf
  1224 | D:2      | Reached XP level 5. HP: 11/43 MP: 5/5
  1572 | D:2      | Killed Natasha
  1573 | D:2      | Reached skill level 5 in Fighting
  1744 | D:2      | Killed Sigmund
  1745 | D:2      | Reached XP level 6. HP: 45/52 MP: 6/6
  2168 | D:3      | Found a faded altar of an unknown god.
  2369 | D:3      | Noticed an ogre
  2385 | D:3      | Killed an ogre
  2386 | D:3      | Reached skill level 6 in Fighting
  2386 | D:3      | Reached skill level 5 in Axes
  2386 | D:3      | Reached XP level 7. HP: 31/58 MP: 7/7
  2832 | D:3      | Found a stormy altar of Qazlal.
  2834 | D:3      | Noticed a fire elemental
  2835 | D:3      | Noticed an air elemental
  2835 | D:3      | Noticed a water elemental
  2874 | D:3      | Found a transporter.
  2878 | D:3      | Found a transporter.
  2878 | D:3      | Found a shadowy altar of Dithmenos.
  3023 | D:3      | Found a blossoming altar of Fedhas.
  3091 | D:3      | Noticed Ijyb
  3228 | D:3      | Found a white marble altar of Elyvilon.
  3234 | D:3      | Killed from afar by Ijyb

Illustrated notes

Levels and vault maps discovered:
D:1:      dpeg_arrival_connections, layout_rooms, serial_shops,
          nicolae_square_shop, grunt_decor_mini_mirrors, hex_large,
          columned_hall_lemuel, st_stairs_10
D:2:      layout_basic, chequers_big_river, st_stairs_6, uniq_sigmund,
          uniq_natasha, uniq_crazy_yiuf_cottage
D:3:      corexii_shack_village, layout_basic, lemuel_doored_altar,
          nicolae_qazlal_style_of_elements, mainiacjoe_overflow_brackets,
          gammafunk_temple_overflow_arena, hellmonk_ecumenical_altar_lost_god,
          uniq_ijyb

Skill      XL: |  1  2  3  4  5  6 |
---------------+-------------------+-----
Fighting       | 4 5 6 |  6.5
Axes           | 3 4 5 |  5.4
Armour         | |  3.2
Shields        | |  4.0

Action                   |  1- 3 |  4- 6 |  7- 9 || total
-------------------------+-------+-------+-------++-------
Melee: War axe           |    55 |    86 |    36 ||   177
       Mace              |       |     7 |       ||     7
  Use: Scroll            |     3 |     6 |     1 ||    10
       Potion            |       |     1 |       ||     1
 Stab: Distracted        |       |     1 |       ||     1
Armor: Scale mail        |    23 |    16 |    10 ||    49
Dodge: Dodged            |    24 |    41 |    15 ||    80
Block: Buckler           |     7 |    18 |    13 ||    38
